 Dungeon Crawl Stone Soup version 0.28.0-53-g5a82cb258f (webtiles) character file.

Game seed: 11146232846691371313

1557 bnorton916 the Thaumaturge (level 8, -6/41 HPs)
             Began as a Deep Elf Fire Elementalist on May 31, 2022.
             Was an Initiate of Gozag.
             Mangled by a two-headed ogre
             ... wielding a +0 giant club
              (25 damage)
             ... on level 6 of the Dungeon.
             The game lasted 00:07:57 (7523 turns).

bnorton916 the Thaumaturge (DEFE)                   Turns: 7523, Time: 00:07:58

Health: -6/41      AC:  9    Str:  5    XL:     8   Next: 58%
Magic:  22/22      EV: 13    Int: 23    God:    Gozag
Gold:   554        SH:  0    Dex: 24    Spells: 14/24 levels left

rFire   . . .      SeeInvis .   i - +9 hunting sling "Qavvaal" {vorpal, rElec rPois rCorr}
rCold   . . .      Faith    .   (no shield)
rNeg    + + +      Spirit   .   p - +2 robe of Vanity {rN+++ Dex+3 Stlth+}
rPois   +          Reflect  .   (no helmet)
rElec   +          Harm     .   l - +0 cloak
rCorr   +          Rampage  .   (no gloves)
Will    .....                   (no boots)
Stlth   ++++......              (no amulet)
HPRegen 0.13/turn               x - +4 ring of protection
MPRegen 0.18/turn               y - +6 ring of dexterity

@: no status effects
A: no striking features
a: Renounce Religion, Potion Petition, Call Merchant, Bribe Branch


You were on level 6 of the Dungeon.
You worshipped Gozag.
Gozag was pleased with you.
You visited 2 branches of the dungeon, and saw 7 of its levels.

You collected 603 gold pieces.
You paid 49 gold pieces to Gozag.

Inventory:

Hand Weapons
 a - a +0 long sword of holy wrath
 d - a +1 whip of electrocution
 i - the +9 hunting sling "Qavvaal" (weapon) {vorpal, rElec rPois rCorr}
   (You found it on level 2 of the Dungeon)

   Any ammunition fired from it inflicts extra damage upon your enemies.
   rElec:     It insulates you from electricity.
   rPois:     It protects you from poison.
   rCorr:     It protects you from acid and corrosion.
 o - a +1 dagger of protection
 C - a +1 dagger of speed
Missiles
 b - 267 stones
 c - 11 poisoned darts
 f - 10 atropa-tipped darts
 j - 34 sling bullets (quivered ammo)
 B - 4 boomerangs
Armour
 l - a +0 cloak (worn)
 p - the +2 robe of Vanity (worn) {rN+++ Dex+3 Stlth+}
   (You found it on level 3 of the Dungeon)

   Dex:       It affects your dexterity (+3).
   rN:        It renders you almost immune to negative energy.
   Stlth:     It makes you more stealthy.
 A - a +1 leather armour of poison resistance
Magical Staves
 k - a staff of fire
 s - a staff of poison
 u - a staff of death
Jewellery
 x - a +4 ring of protection (left hand)
 y - a +6 ring of dexterity (right hand)
Wands
 m - a wand of flame (34)
 v - a wand of acid (11)
Scrolls
 g - 5 scrolls of teleportation {unknown}
 h - 3 scrolls of identify {unknown}
 t - a scroll of torment {unknown}
 w - a scroll of fear {unknown}
Potions
 e - a potion of haste {unknown}
 n - 2 potions of degeneration {unknown}
 q - 2 potions of ambrosia {unknown}
 r - a potion of mutation {unknown}
 z - a potion of lignification {unknown}


   Skills:
 - Level 2.4 Dodging
 - Level 2.4 Stealth
 + Level 8.7 Spellcasting
 + Level 6.8 Conjurations
 + Level 7.6 Fire Magic


You had 14 spell levels left.
You knew the following spells:

 Your Spells              Type           Power      Damage    Failure   Level
a - Foxfire               Conj/Fire      100%       2x1d9     1%          1
b - Scorch                Fire           90%        2d10      1%          2
c - Conjure Flame         Conj/Fire      43%        6-21      1%          3
d - Flame Wave            Conj/Fire      43%        2d9       3%          4

Your spell library contained the following spells:

 Spells                   Type           Power      Damage    Failure   Level
 Inner Flame              Hex/Fire       27%        N/A       4%          3
 Ozocubu's Armour         Ice            10%        N/A       19%         3
 Summon Forest            Summ/Tloc      5%         N/A       87%         5
 Summon Mana Viper        Hex/Summ       10%        N/A       87%         5
 Summon Cactus Giant      Summ           5%         N/A       100%        6
 Ozocubu's Refrigeration  Ice            5%         4d6       100%        7


Dungeon Overview and Level Annotations

Branches:
Dungeon (6/15)             Temple (1/1) D:4

Altars:
Ashenzari
Cheibriados
Fedhas
Gozag
Hepliaklqana
Kikubaaqudgha
Okawaru
Qazlal
Ru
Sif Muna
Trog
Uskayaw
Vehumet
Wu Jian
Xom
Yredelemnul
The Shining One

Shops:
D:5 *

Annotations:
D:6 2 runed translucent doors


Message History

The bullfrog's fire resistance burns away.
The bullfrog misses you. The bullfrog hits you.
The bullfrog closely misses you.
Casting: Scorch (safe; 1% risk of failure)
Confirm with . or Enter, or press ? or * to list all spells.
Flames lash the bullfrog.
The bullfrog is burned terribly!
You kill the bullfrog!
The orc wizard hits you with a +0 dagger.
Casting: Scorch (safe; 1% risk of failure)
Confirm with . or Enter, or press ? or * to list all spells.
Flames lash the orc wizard.
The orc wizard is moderately wounded.
The orc wizard's fire resistance burns away.
The orc wizard misses you.
The orc wizard hits you but does no damage.
Casting: Scorch (safe; 1% risk of failure)
Confirm with . or Enter, or press ? or * to list all spells.
Flames lash the orc wizard.
The orc wizard is burned terribly!
You kill the orc wizard!
Casting: Scorch (safe; 1% risk of failure)
Confirm with . or Enter, or press ? or * to list all spells.
You can't see any susceptible monsters within range! (Use Z to cast anyway.)
You now have 541 gold pieces (gained 10).
Things that are here:
a +0 dagger; a +0 robe You start resting.
Magic restored.
You start resting.
HP restored.
You start waiting.
There is an open door here.
You now have 554 gold pieces (gained 13).
The two-headed ogre shouts in stereo!
A two-headed ogre opens the door.
The two-headed ogre hits you with a +0 giant club!!
Ouch! That really hurt!
The two-headed ogre hits you with a +0 giant spiked club!!
Ouch! That really hurt!
You die...
Your body crumbles into a pile of gold.

#..###. .# #.##. #.8#$#8D #.#
#.##. ####'##!##+####.### #....
########.'...#?#..8#.....###.###
##........#8..#!+... #..........
#.#.#####.##'##?##'####.......#..
.#...####.##)8#[#8.#..........#..
#..........#..###O.#....[........
.#...####.###..'@.##.............
#...#####.# #######.........>"##.
##........# #.##.#.......#..
##.######## #.##.##.######.. ...#
#.......# #.. ##.# ######
#.##.#### #.. #### #..... #.##.#
######.. # ≈#
#.....###.##.####....... ##≈#
#....<<...##............


You could see a two-headed ogre and an acid dragon (wandering).

Vanquished Creatures
  2 water moccasins (D:6)
  An ice beast (D:6)
  2 necrophages
  An ogre (D:6)
  A phantom (D:4)
  A bullfrog (D:6)
  3 scorpions
  A water moccasin zombie (D:6)
  A water moccasin skeleton (D:5)
  A centaur zombie (D:6)
  A hound (D:4)
  Crazy Yiuf (D:2)
  2 orc priests
  Terence (D:3)
  2 iguanas
  4 orc wizards (D:6)
  A killer bee zombie (D:5)
  A hound skeleton (D:4)
  A howler monkey zombie (D:5)
  9 adders
  2 white imps
  2 ufetubi
  A worm (D:2)
  6 dart slugs
  10 orcs
  4 ball pythons
  6 endoplasms
  5 giant cockroaches
  6 hobgoblins
  6 jackals
  2 quokkas
  5 bats
  A frilled lizard (D:1)
  5 goblins
  8 kobolds
  4 rats
110 creatures vanquished.

Vanquished Creatures (others)
  283 foxfires
  13 plants (D:4)
296 creatures vanquished.

Grand Total: 406 creatures vanquished

Notes
Turn   | Place    | Note
-------+----------+-------------------------------------------
     0 | D:1      | bnorton916 the Deep Elf Fire Elementalist began the quest
                  | for the Orb.
     0 | D:1      | Reached XP level 1. HP: 10/10 MP: 6/6
   178 | D:1      | Reached XP level 2. HP: 11/15 MP: 0/8
   965 | D:1      | Reached XP level 3. HP: 19/19 MP: 7/10
  1645 | D:2      | Reached skill level 4 in Spellcasting
  1997 | D:2      | Identified the +9 hunting sling "Qavvaal" {vorpal, rElec
                  | rPois rCorr}
  2005 | D:2      | Reached XP level 4. HP: 24/24 MP: 9/12
  2146 | D:2      | Found a runed translucent door.
  2147 | D:2      | Noticed Crazy Yiuf
  2152 | D:2      | Killed Crazy Yiuf
  2848 | D:3      | Identified the +2 robe of Vanity {rN+++ Dex+3 Stlth+}
  2924 | D:3      | Found a faded altar of an unknown god.
  2984 | D:3      | Reached XP level 5. HP: 28/28 MP: 11/14
  3323 | D:3      | Noticed Terence
  3326 | D:3      | Killed Terence
  3433 | D:4      | Noticed a necrophage
  3437 | D:4      | Killed a necrophage
  3438 | D:4      | Reached skill level 5 in Spellcasting
  3438 | D:4      | Reached skill level 5 in Fire Magic
  3482 | D:4      | Learned a level 2 spell: Scorch
  3486 | D:4      | Learned a level 3 spell: Conjure Flame
  3491 | D:4      | Learned a level 4 spell: Flame Wave
  3572 | D:4      | Reached XP level 6. HP: 30/32 MP: 11/16
  3878 | D:4      | Found a staircase to the Ecumenical Temple.
  3935 | Temple   | Entered the Ecumenical Temple
  4105 | Temple   | Became a worshipper of Gozag Ym Sagoz the Greedy
  4198 | D:4      | Reached skill level 6 in Spellcasting
  4643 | D:4      | Found a hide-covered altar of Uskayaw.
  4868 | D:4      | Reached XP level 7. HP: 36/36 MP: 16/18
  5050 | D:5      | Entered Level 5 of the Dungeon
  5288 | D:5      | Found Iciv's CLEARANCE SALE!.
  5413 | D:5      | Reached skill level 5 in Conjurations
  5690 | D:5      | Found a sacrificial altar of Ru.
  5820 | D:6      | Reached skill level 7 in Spellcasting
  5891 | D:6      | Found a large runed translucent door.
  5893 | D:6      | Found a large runed translucent door.
  6003 | D:6      | Reached XP level 8. HP: 41/41 MP: 11/21
  6561 | D:6      | Reached skill level 8 in Spellcasting
  7516 | D:6      | Noticed a two-headed ogre
  7523 | D:6      | Mangled by a two-headed ogre

Illustrated notes

Levels and vault maps discovered:
D:1:      dpeg_arrival_lava_temple_mockup, layout_loops_cross
D:2:      layout_rooms, minmay_misc_feat_roman, uniq_crazy_yiuf_cottage
D:3:      layout_basic, nicolae_ecumenical_oubliette, serial_rivers,
          chequers_serial_rivers_small_3, chequers_serial_rivers_micro_b,
          chequers_serial_rivers_room_b, chequers_serial_rivers_room_b,
          chequers_serial_rivers_small_a, uniq_terence
D:4:      layout_basic, lemuel_crystal_altar, minmay_temple_entry_tees,
          grunt_ministairs_1, guppyfry_early_lair_pool
D:5:      layout_gridville, lemuel_doored_altar, nicolae_shop_clearance
D:6:      minmay_chambers_of_sixes, layout_loops_cross,
          ebering_ghost_disaster_area, kennysheep_nub, grunt_decor_cap,
          corexii_hall_statues_l, chequers_serial_rivers_small_3
Temple:   regret_index_temple_waves

Skill      XL: |  1  2  3  4  5  6  7  8 |
---------------+-------------------------+-----
Conjurations   | 2 3 4 5 6 |  6.8
Spellcasting   | 4 5 6 7 8 |  8.7
Fire Magic     | 4 5 6 7 |  7.6
Dodging        | |  2.4
Stealth        | |  2.4

Action                   |  1- 3 |  4- 6 |  7- 9 || total
-------------------------+-------+-------+-------++-------
 Fire: Hunting sling     |       |    39 |    42 ||    81
 Cast: Foxfire           |    98 |    42 |    36 ||   176
       Scorch            |       |     9 |    22 ||    31
       Conjure Flame     |       |       |     1 ||     1
Armor: Robe              |     2 |     1 |    10 ||    13
Dodge: Dodged            |    23 |    11 |    13 ||    47
